 Dungeon Crawl Stone Soup version 0.24.0-123-gd5b16e6ec5 (webtiles) character file.

Game seed: 910217535683057086, levelgen mode: deterministic

3192 Norian the Thaumaturge (level 9, -1/48 HPs)
             Began as a Deep Elf Conjurer on Dec 22, 2019.
             Was an Initiate of Vehumet.
             Killed by an exploding fulminant prism (13 damage)
             ... created by the player character
             ... on level 8 of the Dungeon.
             The game lasted 00:15:16 (7677 turns).

Norian the Thaumaturge (Deep Elf Conjurer)          Turns: 7677, Time: 00:15:17

Health: -1/48      AC:  7    Str:  8    XL:     9   Next: 64%
Magic:  10/26      EV:  7    Int: 21    God:    Vehumet [......]
Gold:   294        SH:  0    Dex: 15    Spells: 21/30 levels left

rFire    + . .     SeeInvis .   w - +2 rapier (flame)
rCold    . . .     Gourm    .   (no shield)
rNeg     + . .     Faith    .   q - +1 robe {MR+}
rPois    .         Spirit   .   s - +2 helmet of Spite {rF+ rN+}
rElec    .         Reflect  .   (no cloak)
rCorr    .         Harm     .   t - +0 pair of gloves
MR       +....                  (no boots)
Stlth    ++........             e - amulet of regeneration
HPRegen  0.56/turn              (no ring)
MPRegen  0.20/turn              (no ring)

@: held
A: no striking features
a: Renounce Religion


You were on level 8 of the Dungeon.
You worshipped Vehumet.
Vehumet was noncommittal.
You were not hungry.

You visited 2 branches of the dungeon, and saw 9 of its levels.

You collected 294 gold pieces.

Inventory:

Hand Weapons
 w - a +2 rapier of flaming (weapon)
Armour
 i - a +1 leather armour of poison resistance
 o - a +2 chain mail of magic resistance
 q - a +1 robe of magic resistance (worn)
 s - the +2 helmet of Spite (worn) {rF+ rN+}
   (You took it off Robin on level 4 of the Dungeon)

   It protects you from fire.
   It protects you from negative energy.
 t - a +0 pair of gloves (worn)
Jewellery
 e - an amulet of regeneration (around neck)
 E - a +3 ring of intelligence {unknown}
Wands
 x - a wand of disintegration (7)
 y - a wand of digging (4)
 A - a wand of polymorph (16)
 B - a wand of iceblast (8)
 D - a wand of paralysis (13)
 F - a wand of flame (28)
Scrolls
 a - 2 scrolls of fear {unknown}
 b - 9 scrolls of identify {unknown}
 d - a scroll of magic mapping {unknown}
 f - 3 scrolls of fog {unknown}
 h - a scroll of teleportation {unknown}
 m - 5 scrolls of remove curse {unknown}
 n - a scroll of enchant armour {unknown}
 u - a scroll of blinking {unknown}
 z - 2 scrolls of immolation {unknown}
 G - a scroll of amnesia {unknown}
Potions
 g - a potion of curing
 j - 2 potions of agility {unknown}
 k - a potion of magic {unknown}
 l - a potion of heal wounds {unknown}
 p - a potion of lignification {unknown}
 r - a potion of cancellation {unknown}
 v - a potion of degeneration {unknown}
 C - a potion of berserk rage {unknown}
Comestibles
 c - 9 rations


   Skills:
 + Level 1.9 Fighting
 + Level 2.0 Armour
 + Level 4.0 Dodging
 - Level 2.4 Stealth
 - Level 11.1 Spellcasting
 - Level 10.1 Conjurations
 - Level 6.0 Hexes


You had 21 spell levels left.
You knew the following spells:

 Your Spells              Type           Power        Failure   Level  Hunger
a - Magic Dart            Conj           ####         1%          1    None
b - Iskenderun's Mystic   Conj           ######..     1%          4    #......
c - Fulminant Prism       Conj/Hex       #####.....   1%          4    #......

Your spell library contained the following spells:

 Spells                   Type           Power        Failure   Level  Hunger
 Searing Ray              Conj           ######       1%          2    None
 Dazzling Spray           Conj/Hex       #####.       1%          3    None
 Force Lance              Conj/Tloc      ####....     7%          4    #......


Dungeon Overview and Level Annotations

Branches:
Dungeon (8/15)             Temple (1/1) D:7
   Lair: D:8-11

Altars:
Ashenzari
Cheibriados
Dithmenos
Elyvilon
Fedhas
Gozag
Hepliaklqana
Kikubaaqudgha
Makhleb
Nemelex Xobeh
Okawaru
Qazlal
Ru
Sif Muna
Trog
Uskayaw
Vehumet
Wu Jian
Xom
Zin

Annotations:
D:5 3 runed translucent doors, Kobolds4U's ghost, novice DECj


Message History

You struggle against the net.
You feel sick.
The orc completely misses your fulminant prism.
The gnoll sergeant closely misses you. The gnoll hits you with a +0 flail!
* * * LOW HITPOINT WARNING * * *
Your fulminant prism crackles loudly.
You feel better. The orc hits your fulminant prism.
The gnoll sergeant hits you from afar with a +2 spear of venom.
The gnoll hits you with a +0 flail.
* * * LOW HITPOINT WARNING * * *
Your fulminant prism explodes!
The blast of energy engulfs the gnoll!!
You kill the gnoll!
Vehumet accepts your kill.
The blast of energy engulfs the orc!!
You kill the orc!
Vehumet accepts your kill.
The blast of energy engulfs the gnoll sergeant!
The gnoll sergeant is almost dead.
The blast of energy engulfs you!
You die...

######### #........
############.#######
#.†@.........# #
#..)########### #
.....)g # #.#...h #
. ##... # .... ###
.#.## #.######..
#.#. ........<.
#.######..


You could see a gnoll sergeant and a howler monkey.

Vanquished Creatures
  Pikel (D:7)
  Duvessa (D:4)
  3 orc warriors
  2 sky beasts (D:6)
  A necrophage (D:7)
  6 ogres
  A phantom (D:6)
  A big kobold (D:7)
  3 bullfrogs
  Dowan (D:4)
  2 scorpions
  2 crimson imps
  A bullfrog zombie (D:7)
  A centaur zombie (D:5)
  4 orc priests
  3 hounds
  4 orc wizards
  A bullfrog skeleton (D:8)
  2 centaur skeletons
  Terence (D:3)
  4 worker ants
  2 iguanas
  A hound skeleton (D:7)
  Robin (D:4)
  3 gnolls (D:8)
  8 adders
  2 shadow imps (D:7)
  An adder skeleton (D:7)
  2 worms
  A dart slug (D:1)
  4 leopard geckos
  25 orcs
  A ball python (D:1)
  6 bats
  5 giant cockroaches
  9 hobgoblins
  12 jackals
  3 quokkas
  3 frilled lizards
  14 goblins
  A jackal zombie (D:6)
  9 kobolds
  6 rats
  A fulminant prism (D:8)
165 creatures vanquished.

Vanquished Creatures (others)
  A black bear (D:7)
  A crimson imp (D:7)
  20 fulminant prisms
22 creatures vanquished.

Grand Total: 187 creatures vanquished

Notes
Turn   | Place    | Note
-------+----------+-------------------------------------------
     0 | D:1      | Norian the Deep Elf Conjurer began the quest for the Orb.
     0 | D:1      | Reached XP level 1. HP: 10/10 MP: 6/6
   319 | D:1      | Reached XP level 2. HP: 15/15 MP: 4/8
   678 | D:2      | Reached skill level 4 in Spellcasting
   820 | D:2      | Reached skill level 5 in Conjurations
   820 | D:2      | Reached XP level 3. HP: 19/19 MP: 4/10
  1166 | D:3      | Reached XP level 4. HP: 24/24 MP: 2/12
  1310 | D:3      | Reached skill level 5 in Spellcasting
  1311 | D:3      | Found a faded altar of an unknown god.
  1567 | D:3      | Noticed Terence
  1580 | D:3      | Learned a level 4 spell: Iskenderun's Mystic Blast
  1585 | D:3      | Learned a level 4 spell: Fulminant Prism
  1608 | D:3      | Killed Terence
  1608 | D:3      | Reached XP level 5. HP: 28/28 MP: 0/14
  1765 | D:3      | Reached skill level 1 in Hexes
  1859 | D:4      | Noticed an ogre
  1863 | D:4      | Killed an ogre
  1924 | D:4      | Noticed Duvessa
  1924 | D:4      | Noticed Dowan
  2023 | D:4      | Reached skill level 6 in Spellcasting
  2023 | D:4      | Reached XP level 6. HP: 32/32 MP: 3/17
  2201 | D:4      | Noticed a sky beast
  2368 | D:4      | Identified the +2 helmet of Spite {rF+ rN+}
  2368 | D:4      | Noticed Robin
  2372 | D:4      | Killed Robin
  2654 | D:4      | Killed Duvessa
  2654 | D:4      | Reached XP level 7. HP: 36/36 MP: 6/19
  2661 | D:4      | Killed Dowan
  2661 | D:4      | Reached skill level 7 in Spellcasting
  3026 | D:4      | Reached skill level 5 in Hexes
  3292 | D:5      | Entered Level 5 of the Dungeon
  3539 | D:5      | Reached skill level 8 in Spellcasting
  3539 | D:5      | Reached XP level 8. HP: 41/41 MP: 6/22
  3740 | D:5      | Found a sparkling altar of Nemelex Xobeh.
  3741 | D:5      | Found a sacrificial altar of Ru.
  3741 | D:5      | Found a shattered altar of Ashenzari.
  4180 | D:5      | Noticed Kobolds4U's ghost (novice DECj)
  4184 | D:5      | Found a runed translucent gate.
  4184 | D:5      | Found a runed translucent gate.
  4184 | D:5      | Found a runed translucent gate.
  4905 | D:6      | Found a snail-covered altar of Cheibriados.
  4905 | D:6      | Found a shimmering altar of Xom.
  4940 | D:6      | Found a shadowy altar of Dithmenos.
  5205 | D:6      | Reached skill level 9 in Spellcasting
  5538 | D:6      | Reached skill level 10 in Spellcasting
  5922 | D:7      | Reached XP level 9. HP: 45/45 MP: 13/25
  5997 | D:7      | Found a staircase to the Ecumenical Temple.
  6011 | D:7      | Noticed Pikel
  6020 | D:7      | Killed Pikel
  6020 | D:7      | Reached skill level 11 in Spellcasting
  6020 | D:7      | Reached skill level 10 in Conjurations
  6032 | Temple   | Entered the Ecumenical Temple
  6489 | D:7      | Reached skill level 1 in Fighting
  6489 | D:7      | Reached skill level 1 in Armour
  6598 | D:7      | Found a radiant altar of Vehumet.
  6607 | D:7      | Became a worshipper of Vehumet
  7121 | D:7      | Found a burning altar of Makhleb.
  7335 | D:7      | Found an ornate altar of the Wu Jian Council.
  7677 | D:8      | Killed by an exploding fulminant prism

Levels and vault maps discovered:
D:1:      scummos_arrival_gate, layout_loops_cross
D:2:      layout_loops_ring
D:3:      layout_rooms, chequers_ecumenical_altar_simple_redux, uniq_terence
D:4:      layout_loops_cross, uniq_robin, uniq_duvessa
D:5:      layout_layer_cave, gammafunk_temple_overflow_forgotten,
          gammafunk_ghost_split, first_ration
D:6:      layout_loops_cross, gammafunk_temple_overflow_pools,
          kennysheep_little_box, serial_bayou_pond_d
D:7:      layout_layer_cave, vehumet_altar_wand_db, makhleb_blood_cavern_becter,
          lemuel_coloured_pillars_altar, minmay_temple_entry_waves, uniq_pikel
D:8:      minmay_chambers_of_sixes, layout_loops_ring, lair_entry_dummy,
          uniq_harold
Temple:   minmay_temple_curvy_loop

Skill      XL: |  1  2  3  4  5  6  7  8  9 |
---------------+----------------------------+-----
Spellcasting   | 4 5 6 8 10 11 | 11.1
Conjurations   | 5 6 7 9 10 | 10.1
Hexes          | 2 4 5 6 |  6.0
Fighting       | 1 |  1.9
Armour         | 2 |  2.0
Dodging        | 4 |  4.0
Stealth        | |  2.4

Action                   |  1- 3 |  4- 6 |  7- 9 || total
-------------------------+-------+-------+-------++-------
Melee: Dagger            |       |    17 |       ||    17
       Rapier            |       |       |    46 ||    46
 Cast: Magic Dart        |    76 |    71 |   167 ||   314
       Fulminant Prism   |       |     6 |    17 ||    23
       Iskenderun's Myst |       |     6 |    38 ||    44
  Use: Potion            |       |       |     2 ||     2
  Eat: Chunk             |       |     6 |    16 ||    22
       Ration            |       |       |     1 ||     1
Armor: Robe              |     1 |     6 |    19 ||    26
Dodge: Dodged            |     9 |    14 |    66 ||    89
